 Dungeon Crawl Stone Soup version 0.17.0-56-gd8de76c (console) character file.

212 Kloppie the Gusty (level 5, -12/31 HPs)
             Began as a High Elf Air Elementalist on Dec 5, 2015.
             Mangled by an ogre
             ... wielding a cursed +0 giant club
              (21 damage)
             ... on level 3 of the Dungeon.
             The game lasted 00:06:40 (2873 turns).

Kloppie the Gusty (High Elf Air Elementalist)       Turns: 2873, Time: 00:06:40

Health: -12/31     AC:  3    Str:  7    XL:     5   Next: 58%
Magic:  2/9        EV: 13    Int: 19    God:
Gold:   190        SH:  0    Dex: 16    Spells: 3 memorised, 2 levels left

rFire  . . .     SeeInvis .     t - +1 dagger (elec)
rCold  . . .     Clarity  .     a - +0 robe
rNeg   . . .     SustAt   .     (no shield)
rPois  .         Gourm    .     (no helmet)
rElec  .         Spirit   .     (no cloak)
rCorr  .         Warding  .     k - +0 pair of gloves
rMut   .         Stasis   .     (no boots)
MR     .....                    (no amulet)
Stlth  ++........               (no ring)
                                (no ring)

@: lethally poisoned (-12 -> -18), not resistant to hostile enchantments,
unstealthy
A: no striking features
a: no special abilities


You were on level 3 of the Dungeon.
You were hungry.

You visited 1 branch of the dungeon, and saw 4 of its levels.

You collected 190 gold pieces.

Inventory:

Hand Weapons
 m - a +0 short sword
 t - a +1 dagger of electrocution (weapon)
 x - a +0 rapier
Armour
 a - a +0 robe (worn)
 k - a +0 pair of gloves (worn)
Jewellery
 p - an uncursed ring of stealth {unknown}
Scrolls
 e - 2 scrolls of recharging {unknown}
 f - 2 scrolls of magic mapping {unknown}
 g - a scroll of blinking {unknown}
 i - 3 scrolls of remove curse {unknown}
 j - 3 scrolls of identify {unknown}
 l - a scroll of immolation {unknown}
 o - a scroll of random uselessness {unknown}
 q - 2 scrolls of teleportation {unknown}
 r - a scroll of fear {unknown}
Potions
 d - a potion of haste
 h - 3 potions of curing
 n - a potion of mutation {unknown}
 u - 2 potions of cancellation {unknown}
 w - a potion of poison {unknown}
Books
 b - a book of Air

   Spells                             Type                      Level
   a - Shock                          Conjuration/Air              1
   b - Swiftness                      Charms/Air                   2
   c - Repel Missiles                 Charms/Air                   2
   d - Static Discharge               Conjuration/Air              3
   e - Lightning Bolt                 Conjuration/Air              5
Comestibles
 c - a bread ration
 s - a beef jerky
 z - a royal jelly


   Skills:
 + Level 2.9 Dodging
 - Level 2.1 Stealth
 - Level 2.4 Spellcasting
 - Level 4.0 Conjurations
 + Level 5.9 Air Magic


You had 2 spell levels left.
You knew the following spells:

 Your Spells              Type           Power        Failure   Level  Hunger
a - Shock                 Conj/Air       ###.         1%          1    #......
b - Swiftness             Chrm/Air       ##......     10%         2    ##.....
c - Static Discharge      Conj/Air       ###.....     8%          3    ###....


Dungeon Overview and Level Annotations

Branches:
Dungeon (4/15)
 Temple: D:4-7

Altars:

Annotations:
D:3 Kloppie's ghost, amateur HEAE


Message History

The bat misses you. The bat completely misses you. The bat closely misses you.
The adder misses you. The ogre hits you with a giant club!
* * * LOW HITPOINT WARNING * * *
The bat hits you.
* * * LOW HITPOINT WARNING * * *
The bat completely misses you. The adder bites you but does no damage.
Drink which item? (? for menu, Esc to quit)
You feel better. The bat barely misses you. The adder misses you.
The bat closely misses you. The bat misses you. The kobold barely misses you.
The adder bites you.
* * * LOW HITPOINT WARNING * * *
You are poisoned.
The adder poisons you!
You feel sick. The bat closely misses you.
The adder bites you but does no damage. The kobold closely misses you.
The bat barely misses you. The ogre hits you with a giant club!!
Ouch! That really hurt!
You die...

######.#.#.#
#.......#
.......#...#
#########
##.....#####
#.....# #######
######## #......#
#......# #...OSb#
## #....@K######
#. #.).........#
##$ #........>..#
...
######...........
... #.........g.
.[. #...........
##. #####.....w.
## .l...## .h...#


You could see an ogre, an adder, a bat, a kobold and a giant newt (wandering).

Vanquished Creatures
  A quasit (D:3)
  A worker ant (D:3)
  Jessica (D:2)
  6 adders
  2 oozes
  A worm (D:3)
  4 giant geckos
  An orc (D:4)
  8 bats
  2 goblins (D:2)
  9 hobgoblins
  7 kobolds
  A ball python (D:3)
  A giant cockroach (D:1)
  5 giant newts
  7 jackals
  A quokka (D:3)
  6 rats
64 creatures vanquished.

Notes
Turn   | Place    | Note
--------------------------------------------------------------
     0 | D:1      | Kloppie the High Elf Air Elementalist began the quest for the Orb.
     0 | D:1      | Reached XP level 1. HP: 11/11 MP: 4/4
   199 | D:1      | Reached skill level 4 in Air Magic
   200 | D:1      | Reached XP level 2. HP: 12/17 MP: 1/6
   989 | D:1      | Reached XP level 3. HP: 21/21 MP: 1/7
  1154 | D:1      | Learned a level 2 spell: Swiftness
  1158 | D:1      | Learned a level 3 spell: Static Discharge
  1253 | D:2      | Noticed Jessica
  1261 | D:2      | Killed Jessica
  1500 | D:2      | Reached XP level 4. HP: 19/27 MP: 8/8
  1791 | D:2      | Reached skill level 5 in Air Magic
  2196 | D:3      | Reached XP level 5. HP: 26/31 MP: 9/9
  2349 | D:3      | Noticed Kloppie's ghost (amateur HEAE)
  2836 | D:4      | Noticed an ogre
  2873 | D:3      | Mangled by an ogre

Action                   |  1- 3 |  4- 6 || total
-------------------------+-------+-------++-------
Melee: Unarmed           |     5 |       ||     5
       Short sword       |    30 |     8 ||    38
       Dagger            |       |    31 ||    31
 Cast: Shock             |    58 |    33 ||    91
       Static Discharge  |       |     3 ||     3
  Use: Potion            |       |     3 ||     3
 Stab: Sleeping          |     1 |     3 ||     4
       Distracted        |       |     1 ||     1
  Eat: Chunk             |     2 |     4 ||     6
